 Dungeon Crawl Stone Soup version 0.21.1-1-g345015fe64 (webtiles) character file.

5193 Gargoyl the Schismatic (level 10, -5/72 (73) HPs)
             Began as a Centaur Abyssal Knight on May 29, 2018.
             Was an Elder of Lugonu.
             Slain by a yak (9 damage)
             ... on level 10 of the Dungeon.
             The game lasted 00:18:08 (11728 turns).

Gargoyl the Schismatic (Centaur Abyssal Knight)    Turns: 11728, Time: 00:18:09

HP:   -5/72 (73)    AC: 12    Str: 14    XL:     10   Next: 34%
MP:   15/15         EV:  4    Int: 11    God:    Lugonu [****..]
Gold: 511           SH: 22    Dex: 15    Spells: 9/9 levels left

rFire    + + .     SeeInvis .   a - +4 hand axe
rCold    + . .     Gourm    .   b - +2 large shield
rNeg     . . .     Faith    .   y - +0 chain mail
rPois    +         Spirit   .   l - +1 helmet
rElec    .         Reflect  +   (no cloak)
rCorr    .         Harm     .   C - +0 pair of gloves
MR       +....                  (no barding)
Stlth    ..........             e - +2 amulet of reflection
HPRegen  0.22/turn              A - ring "Ivism" {rF+ MR+ Dex+4}
MPRegen  0.14/turn              J - ring "Toplusit" {rPois rC+}

@: very quick
A: large, hooves 3, repulsion field 1, large bone plates 1, deformed body, fire
resistance 1, speed 2, frail 1, tough skin 3, weak 1
a: Depart the Abyss, Bend Space, Banish, Corrupt, Renounce Religion


You were on level 10 of the Dungeon.
You worshipped Lugonu.
Lugonu was greatly pleased with you.
You were not hungry.

You visited 1 branch of the dungeon, and saw 10 of its levels.
You visited the Abyss 1 time.
You also visited: Ossuary.

You collected 511 gold pieces.

Inventory:

Hand Weapons
 a - a +4 hand axe (weapon)
Missiles
 w - 8 tomahawks (quivered)
Armour
 b - a +2 large shield (worn)
 l - a +1 helmet (worn)
 y - a +0 chain mail (worn)
 C - a +0 pair of gloves (worn)
Jewellery
 e - a +2 amulet of reflection (around neck)
 A - the ring "Ivism" (left hand) {rF+ MR+ Dex+4}
   (You found it on level 7 of the Dungeon)

   [ring of protection from fire]

   It affects your dexterity (+4).
   It protects you from fire.
   It affects your resistance to hostile enchantments.
 J - the ring "Toplusit" (right hand) {rPois rC+}
   (You found it on level 9 of the Dungeon)

   [ring of poison resistance]

   It protects you from cold.
   It protects you from poison.
Wands
 p - a wand of polymorph (9)
 B - a wand of iceblast (8)
 I - a wand of enslavement (14)
Scrolls
 f - 4 scrolls of remove curse
 g - 4 scrolls of identify
 h - 6 scrolls of teleportation
 k - 2 scrolls of amnesia
 s - 2 scrolls of blinking
 u - a scroll of fog
 E - a scroll of enchant weapon
Potions
 d - 5 potions of resistance
 i - 2 potions of heal wounds {unknown}
 j - a potion of invisibility
 m - 2 potions of cancellation
 n - 3 potions of curing
 o - 2 potions of flight
 q - a potion of magic {unknown}
 r - 3 potions of agility
 t - a potion of haste
 D - a potion of might
 G - a potion of brilliance {unknown}
Books
 v - a book of Misfortune

   Spells                             Type                      Level
   a - Confusing Touch                Hexes                        1
   b - Confuse                        Hexes                        3
   c - Gell's Gravitas                Translocation                3
   d - Petrify                        Transmutation/Earth          4
   e - Metabolic Englaciation         Hexes/Ice                    5
   f - Yara's Violent Unravelling     Hexes/Transmutation          5
 x - a book of Maledictions

   Spells                             Type                      Level
   a - Corona                         Hexes                        1
   b - Ensorcelled Hibernation        Hexes/Ice                    2
   c - Confuse                        Hexes                        3
   d - Tukima's Dance                 Hexes                        3
   e - Dazzling Spray                 Conjuration/Hexes            3
 z - a book of Cantrips

   Spells                             Type                      Level
   a - Confusing Touch                Hexes                        1
   b - Animate Skeleton               Necromancy                   1
   c - Summon Small Mammal            Summoning                    1
   d - Apportation                    Translocation                1
 H - a book of Debilitation

   Spells                             Type                      Level
   a - Corona                         Hexes                        1
   b - Slow                           Hexes                        2
   c - Inner Flame                    Hexes/Fire                   3
   d - Portal Projectile              Hexes/Translocation          3
   e - Cause Fear                     Hexes                        4
   f - Leda's Liquefaction            Hexes/Earth                  4
Comestibles
 c - 11 rations


   Skills:
 + Level 5.6 Fighting
 + Level 7.2 Axes
 * Level 5.4 Armour
 + Level 3.2 Dodging
 + Level 5.1 Shields
 * Level 7.4 Invocations


You had 9 spell levels left.
You didn't know any spells.

Dungeon Overview and Level Annotations

Branches:
Dungeon (10/15)            Temple (0/1) D:7
   Lair: D:8-11         Orc: D:9-12

Altars:
Dithmenos
Elyvilon
Kikubaaqudgha
Makhleb
Qazlal
Sif Muna
Vehumet
Xom
Yredelemnul
Zin
The Shining One


Innate Abilities, Weirdness & Mutations

You have hooves in place of feet.
Armour fits poorly on your strangely shaped body.
You cover ground very quickly.
You have extremely tough skin. (AC +3)
You are surrounded by a mild repulsion field. (EV +2)
You are partially covered in large bone plates. (SH +4)
Your flesh is heat resistant. (rF+)
You are frail. (-10% HP)
You are weak. (Str -2)


Message History

You block the yak's attack. x3; The scorpion stings you.
The yak barely misses you. The yak gores you!
* * * LOW HITPOINT WARNING * * *
You hit the yak. You kick the yak.
The yak is severely wounded.
You hit the yak. You hit the scorpion. You closely miss the yak.
The yak gores you.
* * * LOW HITPOINT WARNING * * *
The scorpion stings you but does no damage.
The yak gores you.
* * * LOW HITPOINT WARNING * * *
The yak gores you but does no damage.
Unknown command.
You hit the yak. Your kick misses the yak.
The yak is almost dead.
You hit the yak. You hit the scorpion but do no damage. You hit the yak.
The yak gores you!
* * * LOW HITPOINT WARNING * * *
You block the scorpion's attack. The yak gores you!
You die...

.#######################
.....................<..
..>o....Y.<..........)..
......s@Y.>............)
....<...Y............[).
........................
.#######################


You could see 3 yaks, a scorpion and an orc.

Vanquished Creatures
  Pikel (D:7)
  3 hippogriffs
  A yak (D:10)
  Menkaure (D:7)
  A water moccasin (D:5)
  A black bear (D:9)
  An orc warrior (D:9)
  A sky beast (D:6)
  A slave (D:7)
  2 ice beasts
  A necrophage (D:8)
  A centaur (D:5)
  3 bullfrogs
  3 scorpions (D:8)
  8 killer bees (D:8)
  9 wights
  A howler monkey (D:4)
  3 crimson imps
  A bullfrog zombie (D:6)
  2 centaur zombies (Ossuary)
  3 human zombies (Ossuary)
  7 orc wizards
  A hound (D:9)
  4 orc priests
  2 bullfrog skeletons
  A jelly (D:10)
  An iron imp (Abyss:1)
  2 iguanas
  6 worker ants
  Terence (D:3)
  2 hound zombies
  7 mummies
  Robin (D:2)
  14 adders
  3 oozes
  2 adder skeletons
  3 worms
  4 dart slugs (D:1)
  3 leopard geckos
  25 orcs
  7 bats
  2 giant cockroaches
  A gnoll zombie (Ossuary)
  11 hobgoblins
  5 jackals
  5 quokkas
  2 ball pythons
  4 frilled lizards
  17 goblins
  A goblin zombie (D:8)
  A hobgoblin zombie (D:8)
  6 kobolds
  2 kobold zombies (Ossuary)
  8 rats
209 creatures vanquished.

Vanquished Creatures (collateral kills)
  A scorpion (D:8)
1 creature vanquished.

Vanquished Creatures (others)
  A two-headed ogre (D:8)
  A komodo dragon (D:10)
  A wyvern (D:5)
  The ghost of ImError the Chopper, an amateur HOMo of Uskayaw (D:3)
4 creatures vanquished.

Grand Total: 214 creatures vanquished

Notes
Turn   | Place    | Note
-------+----------+-------------------------------------------
     0 | Abyss:1  | Gargoyl the Centaur Abyssal Knight began the quest for the Orb.
     0 | Abyss:1  | Reached XP level 1. HP: 19/19 MP: 2/2
   119 | Abyss:1  | Noticed an iron imp
   119 | Abyss:1  | Noticed a dire elephant skeleton
   128 | Abyss:1  | Noticed a small abomination
   133 | Abyss:1  | Found a sparkling altar of Nemelex Xobeh.
   174 | Abyss:1  | Killed an iron imp
   174 | Abyss:1  | Reached XP level 2. HP: 5/27 MP: 3/3
   175 | D:1      | Escaped the Abyss
   457 | D:1      | Reached XP level 3. HP: 31/33 MP: 4/4
   716 | D:1      | Reached * piety under Lugonu
  1500 | D:2      | Noticed Robin
  1505 | D:2      | Killed Robin
  1505 | D:2      | Reached XP level 4. HP: 35/40 MP: 5/5
  1667 | D:2      | Reached skill level 1 in Dodging
  1964 | D:2      | Reached ** piety under Lugonu
  2609 | D:3      | Reached XP level 5. HP: 33/46 MP: 6/6
  2704 | D:3      | Noticed ImError's ghost (amateur HOMo)
  2713 | D:3      | Gained mutation: Your muscles are strong. (Str +2) [potion of mutation]
  2713 | D:3      | Gained mutation: You are frail. (-10% HP) [potion of mutation]
  2713 | D:3      | Gained mutation: Your system is resistant to poisons. (rPois) [potion of mutation]
  2713 | D:3      | Gained mutation: You are partially covered in molten scales. (AC +2) [potion of mutation]
  3436 | D:3      | Reached XP level 6. HP: 46/46 MP: 8/8
  4242 | D:4      | Noticed an ice beast
  4254 | D:4      | Killed an ice beast
  4254 | D:4      | Reached skill level 1 in Shields
  4693 | D:4      | Reached *** piety under Lugonu
  4816 | D:4      | Reached XP level 7. HP: 54/54 MP: 9/9
  5007 | D:3      | Banished ImError's ghost
  5275 | D:3      | Noticed Terence
  5282 | D:3      | Killed Terence
  5378 | D:5      | Entered Level 5 of the Dungeon
  5445 | D:5      | Noticed a wyvern
  5445 | D:5      | an ogre changed into a wyvern
  5459 | D:5      | Banished a wyvern
  5684 | D:5      | Found an ancient bone altar of Kikubaaqudgha.
  5685 | D:5      | Found a white marble altar of Elyvilon.
  5685 | D:5      | Found a deep blue altar of Sif Muna.
  5687 | D:5      | Found a shadowy altar of Dithmenos.
  5730 | D:5      | Found a glowing golden altar of the Shining One.
  5829 | D:5      | Found a stormy altar of Qazlal.
  5831 | D:5      | Found a burning altar of Makhleb.
  5838 | D:5      | Found a glowing silver altar of Zin.
  6299 | D:5      | Reached XP level 8. HP: 60/60 MP: 11/11
  6662 | D:6      | Lost mutation: Your muscles are strong. (Str +2) [potion of mutation]
  6662 | D:6      | Lost mutation: You are partially covered in molten scales. (AC +2) [potion of mutation]
  6662 | D:6      | Lost mutation: You are frail. (-10% HP) [potion of mutation]
  6662 | D:6      | Gained mutation: You are frail. (-10% HP) [potion of mutation]
  6662 | D:6      | Gained mutation: You are partially covered in large bone plates. (SH +4) [potion of mutation]
  6662 | D:6      | Gained mutation: Scrolls take you a little longer to read. [potion of mutation]
  6662 | D:6      | Gained mutation: You are surrounded by a mild repulsion field. (EV +2) [potion of mutation]
  6853 | D:6      | Reached skill level 5 in Invocations
  7095 | D:6      | Noticed a hippogriff
  7108 | D:6      | Killed a hippogriff
  7397 | D:6      | Reached skill level 5 in Axes
  7911 | D:6      | Found a radiant altar of Vehumet.
  8125 | D:7      | Found a shimmering altar of Xom.
  8241 | D:7      | Noticed Menkaure
  8250 | D:7      | Killed Menkaure
  8250 | D:7      | Reached XP level 9. HP: 34/65 MP: 13/13
  8465 | D:7      | Got a wavering silver ring
  8466 | D:7      | Identified the ring "Ivism" {rF+ MR+ Dex+4} (You found it on level 7 of the Dungeon)
  8472 | D:7      | Noticed Pikel
  8506 | D:7      | Killed Pikel
  8506 | D:7      | Reached skill level 5 in Fighting
  8736 | D:7      | Found a staircase to the Ecumenical Temple.
  8839 | D:7      | Found a basalt altar of Yredelemnul.
  8907 | D:7      | Found a shimmering altar of Xom.
  9384 | D:8      | Found a sand-covered staircase.
  9399 | Ossuary  | Entered an ossuary
  9482 | Ossuary  | Reached **** piety under Lugonu
  9761 | D:8      | Noticed a two-headed ogre
  9763 | D:8      | Banished a two-headed ogre
  9874 | D:8      | Reached skill level 5 in Armour
 10391 | D:8      | Reached XP level 10. HP: 68/71 MP: 15/15
 10478 | D:9      | Got a coiled brass ring
 10479 | D:9      | Identified the ring "Toplusit" {rPois rC+} (You found it on level 9 of the Dungeon)
 11290 | D:9      | Lost mutation: Your system is resistant to poisons. (rPois) [potion of mutation]
 11290 | D:9      | Lost mutation: Scrolls take you a little longer to read. [potion of mutation]
 11290 | D:9      | Gained mutation: You are weak. (Str -2) [potion of mutation]
 11290 | D:9      | Gained mutation: Your flesh is heat resistant. (rF+) [potion of mutation]
 11451 | D:10     | Entered Level 10 of the Dungeon
 11462 | D:10     | Reached skill level 5 in Shields
 11728 | D:10     | Slain by a yak

Skill      XL: |  1  2  3  4  5  6  7  8  9 10 |
---------------+-------------------------------+-----
Axes           | 2 3 4 5 6 7 |  7.2
Fighting       | 4 5 |  5.6
Armour         | 2 3 5 |  5.4
Dodging        | 1 2 3 |  3.2
Invocations    | 3 4 5 7 |  7.4
Shields        | 1 2 3 4 5 |  5.1

Action                   |  1- 3 |  4- 6 |  7- 9 | 10-12 || total
-------------------------+-------+-------+-------+-------++-------
Melee: Hand axe          |    65 |   214 |   407 |   144 ||   830
       Kick              |    12 |    40 |   107 |    52 ||   211
       Unarmed           |       |       |     2 |       ||     2
Invok: Depart the Abyss  |     1 |       |       |       ||     1
       Banish            |       |       |     3 |     1 ||     4
Evoke: Wand              |       |       |     1 |       ||     1
  Use: Scroll            |     1 |     8 |    11 |     9 ||    29
       Potion            |     1 |     5 |     3 |     1 ||    10
  Eat: Chunk             |       |     4 |       |     1 ||     5
       Ration            |       |     2 |     5 |     1 ||     8
Armor: Leather armour    |    35 |     2 |       |       ||    37
       Animal skin       |       |    57 |    41 |       ||    98
       Skin              |       |     9 |       |       ||     9
       Chain mail        |       |       |    62 |    35 ||    97
Dodge: Dodged            |    50 |    32 |    47 |    14 ||   143
Block: Large shield      |       |   130 |   429 |   150 ||   709
       Reflection        |       |       |     3 |     5 ||     8
